 Dungeon Crawl Stone Soup version 0.15-a0-2165-g9981db6 (webtiles) character file.

56 Conan321 the Vandal (level 4, 0/28 HPs)
             Began as a Halfling Hunter on July 19, 2014.
             Was an Initiate of the Shining One.
             Slain by an orc warrior
             ... wielding a +0 battleaxe
              (20 damage)
             ... on Level 3 of the Dungeon.
             The game lasted 00:07:28 (1877 turns).

Conan321 the Vandal (Halfling Hunter)               Turns: 1877, Time: 00:07:28

HP   0/28        AC  4     Str 12      XL: 4   Next: 15%
MP   4/4         EV 13     Int 11      God: the Shining One [......]
Gold 79          SH  0     Dex 14      Spells:  0 memorised,  3 levels left

rFire  . . .     SeeInvis .     a - +1 dagger (speed)
rCold  . . .     Clarity  .     p - +0 leather armour
rNeg   + . .     rCorr    .     (no shield)
rPois  .         rRot     .     (no helmet)
rElec  .         Spirit   .     (no cloak)
SustAb .         Warding  .     d - +0 pair of gloves
rMut   .         Stasis   .     (no boots)
Gourm  .                        h - amulet of rage
MR     .....                    (no ring)
                                i - ring of positive energy

@: not resistant to hostile enchantments, unstealthy
A: mutation resistance 1
a: Renounce Religion, Evoke Berserk Rage


You were on level 3 of the Dungeon.
You worshipped the Shining One.
The Shining One was noncommittal.
You were very hungry.

You visited 1 branch of the dungeon, and saw 3 of its levels.

You collected 79 gold pieces.

Inventory:

Hand weapons
 a - a +1 dagger of speed (weapon)
 b - a +1 hunting sling
 n - a +0 short sword
Missiles
 c - 28 sling bullets
 g - 44 stones (quivered)
 r - 13 bolts
Armour
 d - a +0 pair of gloves (worn)
 p - a +0 leather armour (worn)
Comestibles
 f - 2 bread rations
 k - a meat ration
 l - a slice of pizza
Scrolls
 m - a scroll of noise {unknown}
 o - a scroll of remove curse {unknown}
 q - a scroll of random uselessness {unknown}
Jewellery
 h - an amulet of rage (around neck)
 i - a ring of positive energy (left hand)
Potions
 e - a potion of heal wounds
 j - a potion of agility {unknown}


   Skills:
 + Level 1.0 Fighting
 + Level 0.3 Short Blades
 + Level 7.0 Slings
 + Level 1.0 Armour
 + Level 2.9 Dodging
 + Level 1.1 Stealth


You had 3 spell levels left.
You didn't know any spells.

Dungeon Overview and Level Annotations

Branches:
Dungeon (3/15)

Altars:
Makhleb
Xom
The Shining One


Innate Abilities, Weirdness & Mutations

You are small and have problems with some larger weapons.
You are somewhat resistant to further mutation.


Message History

Something smites you!
An orc comes into view. It is wielding a hand axe.
The orc shouts!
Your hands tingle!
a - a +1 dagger of speed (weapon)
The orc hits you but does no damage.
You hit the orc warrior but do no damage.
The orc warrior hits you with a battleaxe!
Ouch! That really hurt!
* * * LOW HITPOINT WARNING * * *
Drink which item? (? for menu, Esc to quit)
You feel much better.
It was a potion of heal wounds.
The orc barely misses you. The orc warrior misses you.
You hit the orc warrior but do no damage.
The orc hits you with a hand axe.
You hit the orc warrior.
The orc warrior is lightly wounded.
The orc warrior hits you with a battleaxe!!
Ouch! That really hurt!
You die...

... #.... ...
..$..# ...
#.##[# ...
#o##.# #.#
#o##.# #.#
##(##.# #o#
#.o.#.#
#@####...#.#
#o##.......#####
#.o.(...(....<.#
####.(.....###.#
###...#.# .#
#...#.# .#
##.##.# ..
#.##.# ## #.##.P


You could see an orc warrior, an orc priest and an orc.

Vanquished Creatures
  An adder (D:2)
  A worm (D:2)
  2 giant geckos (D:1)
  An orc (D:3)
  11 bats
  2 giant cockroaches
  A hobgoblin (D:1)
  2 jackals (D:2)
  A quokka (D:3)
  A ball python (D:2)
  4 giant newts
  4 goblins
  5 kobolds (D:1)
  A rat (D:2)
37 creatures vanquished.

Notes
Turn   | Place    | Note
--------------------------------------------------------------
     0 | D:1      | Conan321, the Halfling Hunter, began the quest for the Orb.
     0 | D:1      | Reached XP level 1. HP: 12/12 MP: 1/1
   133 | D:1      | Reached skill level 6 in Slings
   219 | D:1      | Reached skill level 1 in Fighting
   219 | D:1      | Reached XP level 2. HP: 13/18 MP: 2/2
   712 | D:1      | Reached XP level 3. HP: 23/23 MP: 3/3
   943 | D:2      | Found a glowing golden altar of the Shining One.
   948 | D:2      | Became a worshipper of the Shining One
  1298 | D:2      | Reached XP level 4. HP: 20/28 MP: 4/4
  1327 | D:2      | Reached skill level 1 in Armour
  1790 | D:2      | Found a shimmering altar of Xom.
  1790 | D:2      | Found a burning altar of Makhleb.
  1858 | D:3      | Noticed an orc warrior
  1862 | D:3      | Reached skill level 7 in Slings
  1874 | D:3      | HP: 1/28 [orc warrior/battleaxe (14)]
  1877 | D:3      | Slain by an orc warrior

Action                   |  1- 3 |  4- 6 || total
-------------------------+-------+-------++-------
Melee: Short sword       |    35 |       ||    35
       Dagger            |    42 |     3 ||    45
 Fire: Hunting sling     |    61 |    15 ||    76
  Use: Scroll            |     3 |       ||     3
       Potion            |       |     1 ||     1
  Eat: Pizza             |       |     1 ||     1
